[Event "EYCC Open-U18 2019"]
[Site "Bratislava"]
[Date "2019.08.06"]
[Round "5.45"]
[White "Kizatbay, Abyl"]
[Black "Ihnat, Marek"]
[Result "1-0"]
[ECO "B52"]
[WhiteElo "2216"]
[BlackElo "1946"]
[Annotator "NA"]
[PlyCount "87"]
[EventDate "2019.08.02"]
[EventType "swiss"]
[EventCountry "SVK"]
[SourceTitle "playchess.com"]
[Source "ChessBase"]
[SourceQuality "1"]
[TimeControl "40/5400+30:1800+30"]

1. e4 c5 2. Nf3 d6 3. Bb5+ Bd7 4. Bxd7+ Qxd7 5. c4 Nc6 6. d4 cxd4 7. Nxd4 g6 8. Nc3 Bg7 9. Be3 Nf6 10. f3 O-O 11. O-O a6 12. Qd3 e6 13. Rfd1 Rfd8 14. Nxc6 Qxc6 15. Rac1 Rab8 16. a4 Ne8 17. a5 Rbc8 18. b3 Bxc3 19. Qxc3 d5 20. Bb6 Rd6 21. e5 Rd7 22. Qd2 f5 23. h4 Nc7 24. Kh2 d4 25. Bxd4 Rcd8 26. Qc3 Na8 27. Rd2 b5 28. axb6 Nxb6 29. Rcd1 Rb8 30. Bxb6 Rxd2 31. Qxd2 Qxb6 32. Qd7 Rb7 33. Qe8+ Kg7 34. Rd8 Kh6 35. Qf8+ Kh5 36. Qf6 Qe3 37. Rd3 Qf4+ 38. g3 Qc1 39. g4+ fxg4 40. fxg4+ Kh6 41. g5+ Kh5 42. Qf3+ Kxh4 43. Rd4+ Kxg5 44. Qf6+ 1-0

[Event "EYCC Open-U18 2019"]
[Site "Bratislava"]
[Date "2019.08.06"]
[Round "5.46"]
[White "Riha, Vojtech"]
[Black "Eftovski Mateo"]
[Result "1-0"]
[ECO "C47"]
[WhiteElo "2197"]
[BlackElo "1726"]
[Annotator "NA"]
[PlyCount "83"]
[EventDate "2019.08.02"]
[EventType "swiss"]
[EventCountry "SVK"]
[SourceTitle "playchess.com"]
[Source "ChessBase"]
[SourceQuality "1"]
[TimeControl "40/5400+30:1800+30"]

1. e4 e5 2. Nf3 Nc6 3. Nc3 Nf6 4. d4 exd4 5. Nd5 Bc5 6. Bg5 Be7 7. Bf4 d6 8. Nxd4 O-O 9. Nb5 Nxd5 10. exd5 Ne5 11. Qd2 Bf6 12. O-O-O Bf5 13. f3 a5 14. Be2 Re8 15. Rhe1 Bd7 16. a4 Ng6 17. Bg3 Re4 18. Kb1 Rxa4 19. c3 c6 20. Nxd6 Qb6 21. Bc4 Rxc4 22. Nxc4 Bf5+ 23. Ka2 Qc5 24. Nd6 Bd7 25. Qe3 Qxe3 26. Rxe3 cxd5 27. Nxb7 Be6 28. Ka1 Be7 29. Bd6 Bg5 30. Re2 Ra6 31. Ba3 Nf4 32. Rf2 Bf5 33. Nc5 Ra8 34. g3 Ng6 35. Rxd5 Be3 36. Re2 Be6 37. Nxe6 fxe6 38. Rd3 Bg5 39. Rxe6 Kf7 40. Re4 Bf6 41. Rd7+ Kg8 42. f4 1-0

[Event "EYCC Open-U18 2019"]
[Site "Bratislava"]
[Date "2019.08.06"]
[Round "5.47"]
[White "Rodriguez Izquierdo, Luis"]
[Black "Gloser, David"]
[Result "1-0"]
[ECO "B12"]
[WhiteElo "2007"]
[BlackElo "2123"]
[Annotator "NA"]
[PlyCount "61"]
[EventDate "2019.08.02"]
[EventType "swiss"]
[EventCountry "SVK"]
[SourceTitle "playchess.com"]
[Source "ChessBase"]
[SourceQuality "1"]
[TimeControl "40/5400+30:1800+30"]

1. e4 c6 2. d4 d5 3. e5 Bf5 4. h4 h5 5. Bd3 Bxd3 6. Qxd3 e6 7. Bg5 Qc7 8. Nf3 Nd7 9. O-O Be7 10. Nc3 a6 11. Ne2 c5 12. c4 dxc4 13. Qxc4 Bxg5 14. Nxg5 Ne7 15. Nf4 Qc6 16. Rac1 Qb5 17. Nxf7 Kxf7 18. Qxe6+ Kf8 19. Ng6+ Nxg6 20. Qxg6 Rh6 21. Qf5+ Ke8 22. d5 Qe2 23. e6 Nf6 24. d6 b6 25. f3 Qe3+ 26. Kh1 Qd4 27. Rcd1 Qxh4+ 28. Kg1 Qg3 29. e7 Nd7 30. Qd5 Rb8 31. Qg8+ 1-0

[Event "EYCC Open-U18 2019"]
[Site "Bratislava"]
[Date "2019.08.06"]
[Round "5.48"]
[White "Winkin, Pol"]
[Black "Pobor, Danilo"]
[Result "0-1"]
[ECO "B56"]
[WhiteElo "1840"]
[BlackElo "1996"]
[Annotator "NA"]
[PlyCount "104"]
[EventDate "2019.08.02"]
[EventType "swiss"]
[EventCountry "SVK"]
[SourceTitle "playchess.com"]
[Source "ChessBase"]
[SourceQuality "1"]
[TimeControl "40/5400+30:1800+30"]

1. e4 c5 2. Nf3 Nc6 3. d4 cxd4 4. Nxd4 Nf6 5. Nc3 d6 6. g3 a6 7. Bg2 Bd7 8. O-O h5 9. h4 Qc8 10. Nxc6 bxc6 11. Na4 Rb8 12. c4 Bh3 13. Re1 Bxg2 14. Kxg2 g6 15. c5 dxc5 16. Nxc5 Bg7 17. Qc2 O-O 18. e5 Nd7 19. Nxd7 Qxd7 20. Bf4 Rb5 21. Re3 Rd8 22. Rc1 Qd5+ 23. Kg1 Qxa2 24. Ra3 Qe6 25. Rxa6 Bxe5 26. Rxc6 Qg4 27. Bxe5 Rxe5 28. Rc8 Red5 29. Qc7 Rxc8 30. Qxc8+ Kg7 31. Qxg4 hxg4 32. Rc7 e6 33. Rb7 Rd1+ 34. Kg2 e5 35. Rc7 e4 36. Re7 Rd4 37. Kf1 Rb4 38. Ke2 Kf8 39. Rc7 Rxb2+ 40. Ke3 f5 41. Ra7 Rb3+ 42. Ke2 Rf3 43. Rb7 Kg8 44. Ra7 e3 45. fxe3 Rxg3 46. e4 f4 47. Ra4 f3+ 48. Kf2 Rg2+ 49. Kf1 Rh2 50. e5 g3 51. Ke1 Rh1+ 52. Kd2 g2 0-1

[Event "EYCC Open-U18 2019"]
[Site "Bratislava"]
[Date "2019.08.07"]
[Round "6.1"]
[White "Kaasen, Tor Fredrik"]
[Black "Pantzar, Milton"]
[Result "1-0"]
[ECO "D10"]
[WhiteElo "2376"]
[BlackElo "2357"]
[Annotator "NA"]
[PlyCount "109"]
[EventDate "2019.08.02"]
[EventType "swiss"]
[EventCountry "SVK"]
[SourceTitle "playchess.com"]
[Source "ChessBase"]
[SourceQuality "1"]
[TimeControl "40/5400+30:1800+30"]

1. d4 d5 2. c4 c6 3. cxd5 cxd5 4. Bf4 Nf6 5. Nc3 Nc6 6. e3 Bf5 7. Qb3 Na5 8. Qa4+ Bd7 9. Qc2 e6 10. Nf3 Rc8 11. Bd3 Be7 12. h3 O-O 13. O-O b5 14. a3 Nc4 15. Rfc1 Qb6 16. Ne5 Qb7 17. Nxd7 Qxd7 18. Qe2 a6 19. a4 Bb4 20. axb5 axb5 21. Nxb5 Qxb5 22. b3 Qd7 23. bxc4 dxc4 24. Bxc4 Bd6 25. Bb5 Qe7 26. Bxd6 Qxd6 27. Qf3 e5 28. Rxc8 Rxc8 29. Qg3 Ne4 30. Qxe5 Qxe5 31. dxe5 g6 32. Bd3 Ng5 33. Kf1 Ne6 34. Ke2 Rb8 35. Rb1 Ra8 36. Bc4 Nc5 37. Bd5 Ra3 38. f4 Kg7 39. Kf3 Rd3 40. Be4 Rd2 41. Rb4 Rd1 42. Ke2 Rg1 43. Bd5 Ra1 44. Rc4 Ra5 45. Rc2 h5 46. e4 h4 47. Kf3 Ra3+ 48. Kg4 Nd3 49. e6 fxe6 50. Bxe6 Kh6 51. Bf7 Kg7 52. Be8 Ne1 53. Re2 Nd3 54. Bb5 Nc5 55. Kxh4 1-0

[Event "EYCC Open-U18 2019"]
[Site "Bratislava"]
[Date "2019.08.07"]
[Round "6.2"]
[White "Vrolijk, Liam"]
[Black "Hakobyan, Aram"]
[Result "1-0"]
[ECO "E16"]
[WhiteElo "2478"]
[BlackElo "2568"]
[Annotator "ChessBase"]
[PlyCount "93"]
[EventDate "2019.08.02"]
[EventType "swiss"]
[EventCountry "SVK"]
[SourceTitle "playchess.com"]
[Source "ChessBase"]
[SourceQuality "1"]
[TimeControl "40/5400+30:1800+30"]

1. d4 Nf6 2. c4 e6 3. Nf3 b6 4. g3 Bb7 5. Bg2 Bb4+ 6. Bd2 Be7 7. Nc3 O-O 8. O-O c6 9. Bf4 d5 10. Qd3 Nbd7 11. e4 Ba6 12. b3 Rc8 13. Rfd1 b5 14. c5 Qa5 15. Bf1 dxe4 16. Nxe4 Nxe4 17. Qxe4 b4 18. Bg2 Nf6 19. Qe1 Nd5 20. Bd2 Bf6 21. a3 Qc7 22. Bxb4 Nxb4 23. Qxb4 Be2 24. Rd2 a5 25. Qc3 Bxf3 26. Qxf3 e5 27. Qf5 Qe7 28. Re1 g6 29. Qc2 Qc7 30. d5 cxd5 31. Rxd5 Rfd8 32. b4 axb4 33. axb4 Kg7 34. Qc4 Rb8 35. h4 Rxd5 36. Bxd5 Qa7 37. b5 Qa5 38. Rb1 e4 39. Bxe4 Qd2 40. Qd3 Qxd3 41. Bxd3 Bd4 42. c6 Bb6 43. Ra1 Kf6 44. Bc4 Ke7 45. Kg2 Kd6 46. h5 f5 47. Re1 {[%emt 0:02:54] Kd5} 1-0

[Event "EYCC Open-U18 2019"]
[Site "Bratislava"]
[Date "2019.08.07"]
[Round "6.3"]
[White "Murzin, Volodar"]
[Black "Engel, Luis"]
[Result "1/2-1/2"]
[ECO "B40"]
[WhiteElo "2429"]
[BlackElo "2509"]
[Annotator "ChessBase"]
[PlyCount "72"]
[EventDate "2019.08.02"]
[EventType "swiss"]
[EventCountry "SVK"]
[SourceTitle "playchess.com"]
[Source "ChessBase"]
[SourceQuality "1"]
[TimeControl "40/5400+30:1800+30"]

1. e4 c5 2. Nf3 e6 3. g3 Nc6 4. Bg2 Nf6 5. Qe2 e5 6. O-O Be7 7. d3 O-O 8. Na3 Re8 9. Nc4 Bf8 10. Bg5 d6 11. c3 Be6 12. Ne3 Be7 13. Bxf6 Bxf6 14. Nd2 g6 15. f4 exf4 16. gxf4 Bg7 17. Qf2 f5 18. exf5 gxf5 19. Rae1 Kh8 20. Nd5 Qd7 21. Re3 Rac8 22. Rfe1 Bf7 23. Qh4 Rxe3 24. Rxe3 Bxd5 25. Bxd5 Re8 26. Nf1 Rxe3 27. Nxe3 Ne7 28. Qh5 Nxd5 29. Nxd5 Qe6 30. Qf3 Qe1+ 31. Kg2 Qd2+ 32. Kg3 Qxb2 33. Qh5 Qb5 34. Qxf5 Qe8 35. c4 Qe1+ 36. Kh3 Qf1+ 1/2-1/2

[Event "EYCC Open-U18 2019"]
[Site "Bratislava"]
[Date "2019.08.07"]
[Round "6.4"]
[White "Zarubitski, Viachaslau"]
[Black "Pechac, Jergus"]
[Result "1-0"]
[ECO "C77"]
[WhiteElo "2424"]
[BlackElo "2469"]
[Annotator "ChessBase"]
[PlyCount "183"]
[EventDate "2019.08.02"]
[EventType "swiss"]
[EventCountry "SVK"]
[SourceTitle "playchess.com"]
[Source "ChessBase"]
[SourceQuality "1"]
[TimeControl "40/5400+30:1800+30"]

1. e4 e5 2. Nf3 Nc6 3. Bb5 a6 4. Ba4 Nf6 5. d3 Bc5 6. Bxc6 dxc6 7. Nc3 Nd7 8. Be3 Bd6 9. Qd2 c5 10. Ne2 Nb8 11. Ng3 Nc6 12. c3 Bg4 13. Nh4 g6 14. h3 Be6 15. Nf3 Qd7 16. Bg5 Be7 17. Bxe7 Qxe7 18. O-O O-O-O 19. Qe3 h5 20. Rfd1 Kb8 21. Ne2 Bc8 22. d4 exd4 23. cxd4 cxd4 24. Nexd4 Nxd4 25. Nxd4 Rhe8 26. Rac1 Ka8 27. Re1 Qe5 28. Nf3 Qxb2 29. Rxc7 Qxa2 30. Rec1 Qa4 31. Kh2 f5 32. e5 Kb8 33. R1c4 Qb5 34. R4c5 Qb1 35. Nd2 Qd1 36. Nc4 Rd5 37. Nb6 Rxc5 38. Qxc5 Be6 39. Rg7 Qd8 40. Qb4 g5 41. f4 Rg8 42. Rxg8 Bxg8 43. fxg5 Ka7 44. Na4 Qxg5 45. Qc5+ Kb8 46. Qf8+ Ka7 47. Qc5+ Kb8 48. Nb6 Qd8 49. Kg3 Ka7 50. Nd7+ b6 51. Qd6 Bc4 52. e6 Bb5 53. Kf4 Kb7 54. Kxf5 h4 55. Qd5+ Kc7 56. Qe5+ Kb7 57. Qd5+ Kc7 58. Qe5+ Kb7 59. Nf6 Qe7 60. Nd5 Qh7+ 61. Kg4 a5 62. e7 Bd7+ 63. Kg5 Ka6 64. Qd6 Qf5+ 65. Kh6 Kb5 66. Qxb6+ Ka4 67. Qd4+ Kb3 68. Qc3+ Ka4 69. Qc4+ Ka3 70. Qc5+ Kb2 71. Qc3+ Kb1 72. Qb3+ Ka1 73. Qd1+ Kb2 74. Qd4+ Kb1 75. Nf6 Qe6 76. Qd3+ Kb2 77. Qd2+ Kb1 78. Qd1+ Kb2 79. Qd4+ Kb1 80. Qxd7 Qxf6+ 81. Kh5 Qf7+ 82. Kxh4 Qf2+ 83. Kh5 Qf7+ 84. Kg5 Qg7+ 85. Kf5 Qf7+ 86. Ke5 Qg7+ 87. Kf4 Qh6+ 88. Ke4 Qh7+ 89. Kd4 Qg7+ 90. Kc4 Qf7+ 91. Kb5 Qb3+ 92. Ka6 1-0

[Event "EYCC Open-U18 2019"]
[Site "Bratislava"]
[Date "2019.08.07"]
[Round "6.5"]
[White "Gorshtein, Ido"]
[Black "Salemgareev, Tagir"]
[Result "1/2-1/2"]
[ECO "A25"]
[WhiteElo "2367"]
[BlackElo "2412"]
[Annotator "NA"]
[PlyCount "73"]
[EventDate "2019.08.02"]
[EventType "swiss"]
[EventCountry "SVK"]
[SourceTitle "playchess.com"]
[Source "ChessBase"]
[SourceQuality "1"]
[TimeControl "40/5400+30:1800+30"]

1. c4 e5 2. Nc3 Nc6 3. g3 g6 4. Bg2 Bg7 5. e3 d6 6. Nge2 f5 7. d3 Nf6 8. Rb1 a5 9. a3 O-O 10. b4 axb4 11. axb4 g5 12. h4 h6 13. hxg5 hxg5 14. Nd5 Ne7 15. Nec3 Nexd5 16. Nxd5 c6 17. Nxf6+ Qxf6 18. b5 Bd7 19. Qh5 Rf7 20. bxc6 Bxc6 21. Kf1 Bf8 22. Bxc6 bxc6 23. Kg2 Ra2 24. Rb8 f4 25. exf4 gxf4 26. gxf4 Rc2 27. f5 Qg7+ 28. Kf3 d5 29. Bh6 e4+ 30. Ke3 d4+ 31. Kxe4 Qg2+ 32. Ke5 Re2+ 33. Qxe2 Re7+ 34. Kxd4 Rxe2 35. Rxf8+ Kh7 36. Rf7+ Kh8 37. Rf8+ 1/2-1/2

[Event "EYCC Open-U18 2019"]
[Site "Bratislava"]
[Date "2019.08.07"]
[Round "6.6"]
[White "Van Foreest, Lucas"]
[Black "Bronstein, Or"]
[Result "0-1"]
[ECO "A02"]
[WhiteElo "2521"]
[BlackElo "2378"]
[Annotator "ChessBase"]
[PlyCount "72"]
[EventDate "2019.08.02"]
[EventType "swiss"]
[EventCountry "SVK"]
[SourceTitle "playchess.com"]
[Source "ChessBase"]
[SourceQuality "1"]
[TimeControl "40/5400+30:1800+30"]

1. f4 Nf6 2. Nf3 g6 3. g3 Bg7 4. Bg2 O-O 5. O-O c5 6. d3 Nc6 7. e4 d6 8. Nh4 Rb8 9. Kh1 Nd7 10. c3 b5 11. Be3 b4 12. e5 bxc3 13. bxc3 Qc7 14. Nd2 dxe5 15. f5 Nf6 16. Bxc5 g5 17. Nhf3 Bxf5 18. Nxg5 Bxd3 19. Nde4 Nxe4 20. Nxe4 Bxf1 21. Qxf1 Nd8 22. Qf5 Ne6 23. Rf1 Rb2 24. Bf3 h6 25. Be3 Qc8 26. h4 Nc7 27. Qxc8 Rxc8 28. Bh5 Rf8 29. Bc5 Nd5 30. Rd1 Nf6 31. Bf3 Rfb8 32. Bxa7 Rc8 33. Be3 Nxe4 34. Bxe4 Re2 35. Rd3 Rb8 36. Bf5 e4 0-1

[Event "EYCC Open-U18 2019"]
[Site "Bratislava"]
[Date "2019.08.07"]
[Round "6.7"]
[White "Baenziger, Fabian"]
[Black "Nguyen, Thai Dai Van"]
[Result "0-1"]
[ECO "E04"]
[WhiteElo "2352"]
[BlackElo "2535"]
[Annotator "ChessBase"]
[PlyCount "52"]
[EventDate "2019.08.02"]
[EventType "swiss"]
[EventCountry "SVK"]
[SourceTitle "playchess.com"]
[Source "ChessBase"]
[SourceQuality "1"]
[TimeControl "40/5400+30:1800+30"]

1. d4 d5 2. c4 e6 3. Nf3 Nf6 4. g3 dxc4 5. Bg2 c6 6. Ne5 Bb4+ 7. Bd2 Be7 8. Na3 Bxa3 9. bxa3 Qxd4 10. Ba5 Qxd1+ 11. Rxd1 b6 12. Nxc6 Nd5 13. Nb4 Nc7 14. Nc6 Nd5 15. Nb4 Bb7 16. Nxd5 exd5 17. Bb4 Na6 18. Bxd5 O-O-O 19. Bxb7+ Kxb7 20. Rc1 Nxb4 21. axb4 b5 22. Rd1 Kb6 23. e3 a5 24. bxa5+ Kxa5 25. Ke2 Kb4 26. Rb1+ Kc5 0-1

[Event "EYCC Open-U18 2019"]
[Site "Bratislava"]
[Date "2019.08.07"]
[Round "6.8"]
[White "Bjerre, Jonas Buhl"]
[Black "Travadon, Loic"]
[Result "1-0"]
[ECO "C60"]
[WhiteElo "2503"]
[BlackElo "2403"]
[Annotator "ChessBase"]
[PlyCount "71"]
[EventDate "2019.08.02"]
[EventType "swiss"]
[EventCountry "SVK"]
[SourceTitle "playchess.com"]
[Source "ChessBase"]
[SourceQuality "1"]
[TimeControl "40/5400+30:1800+30"]

1. e4 e5 2. Nf3 Nc6 3. Bb5 g6 4. c3 a6 5. Ba4 Bg7 6. d4 exd4 7. cxd4 b5 8. Bb3 Nge7 9. O-O d6 10. d5 Na5 11. Bc2 O-O 12. Nc3 Bg4 13. h3 Bxf3 14. Qxf3 c6 15. dxc6 Nexc6 16. Qd1 Rc8 17. Nd5 Nc4 18. Rb1 Nb6 19. Bb3 Nxd5 20. Bxd5 Qf6 21. Be3 Ne7 22. Bb3 d5 23. Bxd5 Rfd8 24. Qb3 Nxd5 25. exd5 Rc4 26. Rfd1 Qe5 27. Qd3 f5 28. b3 Rc3 29. Qd2 Qe4 30. Bg5 Rd7 31. Re1 Qd3 32. Qf4 Qxd5 33. Qb8+ Bf8 34. Re8 Qc5 35. Bh6 Rf7 36. b4 1-0

[Event "EYCC Open-U18 2019"]
[Site "Bratislava"]
[Date "2019.08.07"]
[Round "6.9"]
[White "Godzwon, Iwo"]
[Black "Gumularz, Szymon"]
[Result "1/2-1/2"]
[ECO "B57"]
[WhiteElo "2285"]
[BlackElo "2502"]
[Annotator "ChessBase"]
[PlyCount "50"]
[EventDate "2019.08.02"]
[EventType "swiss"]
[EventCountry "SVK"]
[SourceTitle "playchess.com"]
[Source "ChessBase"]
[SourceQuality "1"]
[TimeControl "40/5400+30:1800+30"]

1. e4 c5 2. Nf3 Nc6 3. d4 cxd4 4. Nxd4 Nf6 5. Nc3 d6 6. Bc4 Qb6 7. Nxc6 bxc6 8. O-O e6 9. Bb3 Be7 10. Bf4 e5 11. Bg5 Qc7 12. Qd3 O-O 13. Rad1 Rd8 14. f4 Qb6+ 15. Kh1 Ba6 16. Bc4 Bxc4 17. Qxc4 h6 18. Bxf6 Bxf6 19. fxe5 dxe5 20. Na4 Qc7 21. Nc5 Rd4 22. Rxd4 exd4 23. Nd3 Re8 24. e5 Bxe5 25. Nxe5 Rxe5 1/2-1/2

[Event "EYCC Open-U18 2019"]
[Site "Bratislava"]
[Date "2019.08.07"]
[Round "6.10"]
[White "Stevanic, David"]
[Black "Erenberg, Ariel"]
[Result "0-1"]
[ECO "C88"]
[WhiteElo "2306"]
[BlackElo "2442"]
[Annotator "NA"]
[PlyCount "60"]
[EventDate "2019.08.02"]
[EventType "swiss"]
[EventCountry "SVK"]
[SourceTitle "playchess.com"]
[Source "ChessBase"]
[SourceQuality "1"]
[TimeControl "40/5400+30:1800+30"]

1. e4 e5 2. Nf3 Nc6 3. Bb5 a6 4. Ba4 Nf6 5. O-O Be7 6. Re1 b5 7. Bb3 d6 8. a4 Bg4 9. c3 O-O 10. h3 Bxf3 11. Qxf3 Na5 12. Bc2 c5 13. d3 b4 14. Nd2 Rb8 15. cxb4 Rxb4 16. Nf1 Nc6 17. Bd1 Ne8 18. Ng3 Nd4 19. Qe3 h6 20. Qd2 Bg5 21. Qc3 Bxc1 22. Rxc1 Nc7 23. Nf1 Nce6 24. g3 Ng5 25. Kg2 Qd7 26. Bg4 f5 27. exf5 h5 28. h4 Qb7+ 29. f3 hxg4 30. hxg5 Rxb2+ 0-1

[Event "EYCC Open-U18 2019"]
[Site "Bratislava"]
[Date "2019.08.07"]
[Round "6.11"]
[White "Petriashvili, Nikoloz"]
[Black "Maksimovic, Bojan"]
[Result "1/2-1/2"]
[ECO "B06"]
[WhiteElo "2451"]
[BlackElo "2326"]
[Annotator "ChessBase"]
[PlyCount "108"]
[EventDate "2019.08.02"]
[EventType "swiss"]
[EventCountry "SVK"]
[SourceTitle "playchess.com"]
[Source "ChessBase"]
[SourceQuality "1"]
[TimeControl "40/5400+30:1800+30"]

1. d4 g6 2. e4 Bg7 3. Nc3 d6 4. g3 Nf6 5. Bg2 O-O 6. Nge2 Nbd7 7. O-O c5 8. h3 Rb8 9. a4 b6 10. Be3 a6 11. Re1 cxd4 12. Nxd4 Bb7 13. Nd5 e6 14. Nxf6+ Bxf6 15. c4 Qc7 16. Rc1 Ba8 17. b3 Rfe8 18. Qc2 Bg7 19. Ne2 Ne5 20. Red1 Red8 21. Bd4 Nc6 22. Bxg7 Kxg7 23. Rd2 Kg8 24. Nf4 Ne5 25. Nd3 Nxd3 26. Rxd3 Rbc8 27. Qd2 b5 28. axb5 axb5 29. c5 dxc5 30. Rxc5 Qxc5 31. Rxd8+ Rxd8 32. Qxd8+ Qf8 33. Qb6 Qe8 34. h4 e5 35. h5 Kg7 36. Qe3 Bc6 37. h6+ Kg8 38. Qg5 Bd7 39. Qf6 Qf8 40. Bf3 Be6 41. Qxe5 Qxh6 42. Qxb5 Qc1+ 43. Kg2 Qc3 44. Bd1 Qd4 45. Qe2 Qb4 46. Qc2 h5 47. Qd3 Kg7 48. Qe3 Kg8 49. Bc2 Kg7 50. Kf1 Kg8 51. Qd3 Bh3+ 52. Ke2 Bg4+ 53. f3 Be6 54. Qd8+ Kh7 1/2-1/2

[Event "EYCC Open-U18 2019"]
[Site "Bratislava"]
[Date "2019.08.07"]
[Round "6.12"]
[White "Gaifullin, Artur"]
[Black "Gatineau, Yovann"]
[Result "0-1"]
[ECO "A06"]
[WhiteElo "2453"]
[BlackElo "2364"]
[Annotator "ChessBase"]
[PlyCount "60"]
[EventDate "2019.08.02"]
[EventType "swiss"]
[EventCountry "SVK"]
[SourceTitle "playchess.com"]
[Source "ChessBase"]
[SourceQuality "1"]
[TimeControl "40/5400+30:1800+30"]

1. Nf3 d5 2. g3 g6 3. Bg2 Bg7 4. O-O e5 5. c4 d4 6. d3 Ne7 7. b4 a5 8. b5 c5 9. Nbd2 Ra7 10. Ne4 b6 11. Bg5 Qc7 12. Bf6 Kf8 13. Qc1 h6 14. Nh4 g5 15. Bxg7+ Kxg7 16. Nxg5 hxg5 17. Qxg5+ Ng6 18. Nxg6 fxg6 19. Be4 Qd6 20. Bxg6 Qxg6 21. Qxe5+ Qf6 22. Qxb8 Rb7 23. Qf4 Qxf4 24. gxf4 Bh3 25. Rfe1 Kf6 26. Kh1 Rbh7 27. e4 Bg4 28. Kg2 Rxh2+ 29. Kg3 R8h4 30. f3 Bh5 0-1

[Event "EYCC Open-U18 2019"]
[Site "Bratislava"]
[Date "2019.08.07"]
[Round "6.13"]
[White "Anghelus, Alin-Gabriel"]
[Black "Parkhov, Yair"]
[Result "1/2-1/2"]
[ECO "B24"]
[WhiteElo "2107"]
[BlackElo "2354"]
[Annotator "NA"]
[PlyCount "92"]
[EventDate "2019.08.02"]
[EventType "swiss"]
[EventCountry "SVK"]
[SourceTitle "playchess.com"]
[Source "ChessBase"]
[SourceQuality "1"]
[TimeControl "40/5400+30:1800+30"]

1. e4 c5 2. Nc3 Nc6 3. Bb5 Nd4 4. Nf3 e6 5. Nxd4 cxd4 6. Ne2 Qg5 7. Bd3 Qxg2 8. Ng3 Qh3 9. b3 Ne7 10. Bb2 Nc6 11. c3 d5 12. cxd4 Bd7 13. a3 Be7 14. Qe2 Qh4 15. b4 a6 16. f3 Rc8 17. Qf2 O-O 18. O-O f5 19. e5 Na7 20. Bc3 Bb5 21. Bxb5 Nxb5 22. Ne2 Qh6 23. a4 Nc7 24. f4 g5 25. Kh1 Kf7 26. Nc1 g4 27. Nd3 Rg8 28. Rg1 Rg6 29. Nc5 b6 30. Nd7 Rcg8 31. Rg3 Na8 32. b5 Rd8 33. Nf6 a5 34. Rc1 Rc8 35. Bb2 Rxc1+ 36. Bxc1 Bxf6 37. exf6 Rg8 38. Rc3 Qxf6 39. Ba3 h5 40. Bd6 h4 41. Kg2 Rd8 42. Be5 Qe7 43. Qe1 Rg8 44. Qc1 h3+ 45. Kg1 Qh4 46. Rg3 Qe7 1/2-1/2

[Event "EYCC Open-U18 2019"]
[Site "Bratislava"]
[Date "2019.08.07"]
[Round "6.14"]
[White "Schoppen, Casper"]
[Black "Levitskiy, Andrey"]
[Result "0-1"]
[ECO "A04"]
[WhiteElo "2493"]
[BlackElo "2280"]
[Annotator "ChessBase"]
[PlyCount "52"]
[EventDate "2019.08.02"]
[EventType "swiss"]
[EventCountry "SVK"]
[SourceTitle "playchess.com"]
[Source "ChessBase"]
[SourceQuality "1"]
[TimeControl "40/5400+30:1800+30"]

1. Nf3 c5 2. g3 Nc6 3. Bg2 e5 4. O-O g6 5. c4 Bg7 6. Nc3 Nge7 7. a3 O-O 8. Rb1 a5 9. Ne1 d6 10. Nc2 Be6 11. Ne3 Rb8 12. Ned5 Qd7 13. d3 Bh3 14. Nxe7+ Nxe7 15. Bxh3 Qxh3 16. b4 axb4 17. axb4 b6 18. Bg5 f6 19. Bd2 f5 20. bxc5 dxc5 21. Qa4 f4 22. Ne4 Rbd8 23. Rxb6 Nf5 24. Bc3 fxg3 25. Nxg3 Nh4 26. Qc6 Rd6 0-1

[Event "EYCC Open-U18 2019"]
[Site "Bratislava"]
[Date "2019.08.07"]
[Round "6.15"]
[White "Blohberger, Felix"]
[Black "Mladek, Richard"]
[Result "1-0"]
[ECO "A05"]
[WhiteElo "2476"]
[BlackElo "2253"]
[Annotator "ChessBase"]
[PlyCount "132"]
[EventDate "2019.08.02"]
[EventType "swiss"]
[EventCountry "SVK"]
[SourceTitle "playchess.com"]
[Source "ChessBase"]
[SourceQuality "1"]
[TimeControl "40/5400+30:1800+30"]

1. Nf3 Nf6 2. g3 g6 3. b3 Bg7 4. Bb2 O-O 5. Bg2 d5 6. c4 c6 7. O-O Bg4 8. h3 Bxf3 9. Bxf3 Nbd7 10. d3 e5 11. cxd5 cxd5 12. Nc3 Nb6 13. Na4 Re8 14. Bg2 Bf8 15. Qd2 Nbd7 16. Rfc1 a6 17. Nc3 Nb6 18. e3 Qd7 19. Ne2 Rad8 20. Qa5 Qd6 21. Rc2 Rc8 22. Rac1 Rxc2 23. Rxc2 Nfd7 24. Rc1 f6 25. Nc3 Nc5 26. Ba3 Rc8 27. Nxd5 Nxd5 28. Rxc5 Rxc5 29. Bxc5 Qxc5 30. Bxd5+ Kg7 31. Qd8 Qd6 32. Qxd6 Bxd6 33. Bxb7 a5 34. Kg2 f5 35. d4 Kf6 36. Kf3 Bb4 37. dxe5+ Kxe5 38. Ke2 h6 39. Bc6 g5 40. f4+ Kf6 41. g4 h5 42. gxf5 Kxf5 43. Kf3 gxf4 44. exf4 Kf6 45. Ke4 Bc3 46. Be8 h4 47. Bh5 Bd2 48. f5 Bb4 49. Bg4 Ba3 50. Kd4 Bb2+ 51. Kd5 Ke7 52. Kc5 Bc3 53. a3 a4 54. b4 Bb2 55. Kb5 Bxa3 56. Kxa4 Bb2 57. Kb5 Kd6 58. Ka6 Kc7 59. b5 Bd4 60. Bf3 Kb8 61. b6 Be5 62. b7 Bd4 63. Be4 Kc7 64. f6 Bxf6 65. Ka7 Bd4+ 66. Ka8 Ba7 1-0

[Event "EYCC Open-U18 2019"]
[Site "Bratislava"]
[Date "2019.08.07"]
[Round "6.16"]
[White "Fus, Jakub"]
[Black "Heimisson, Hilmir Freyr"]
[Result "1/2-1/2"]
[ECO "D38"]
[WhiteElo "2341"]
[BlackElo "2279"]
[Annotator "NA"]
[PlyCount "147"]
[EventDate "2019.08.02"]
[EventType "swiss"]
[EventCountry "SVK"]
[SourceTitle "playchess.com"]
[Source "ChessBase"]
[SourceQuality "1"]
[TimeControl "40/5400+30:1800+30"]

1. d4 Nf6 2. c4 e6 3. Nf3 d5 4. Nc3 Bb4 5. Qa4+ Nc6 6. cxd5 exd5 7. Bg5 h6 8. Bxf6 Qxf6 9. e3 O-O 10. Rc1 a6 11. a3 Bxc3+ 12. Rxc3 Qg6 13. Qd1 Re8 14. h3 Ne7 15. Bd3 Qd6 16. Qc2 c6 17. O-O g6 18. Qb3 Rb8 19. Rfc1 Bf5 20. Be2 Kg7 21. Qa4 Ng8 22. b4 Nf6 23. Qd1 Ne4 24. Rb3 Qe7 25. a4 Rec8 26. Bf1 Be6 27. Ne5 Ra8 28. Nd3 Nd6 29. Nc5 Bd7 30. Rb2 Be8 31. Bd3 a5 32. bxa5 Rxa5 33. Rb4 b5 34. Qf3 bxa4 35. Rxa4 Rxa4 36. Nxa4 Bd7 37. Qf4 Ra8 38. Nc5 Bc8 39. Rb1 Nb7 40. Nxb7 Bxb7 41. Rb6 Ra1+ 42. Kh2 Ra3 43. Bb1 Ra6 44. Rb3 Bc8 45. Rb8 Bb7 46. Bd3 Ra3 47. Be2 Ra2 48. Bg4 Ra8 49. Rxa8 Bxa8 50. Qb8 Bb7 51. Bd1 Ba6 52. Ba4 Qd7 53. Qe5+ Kh7 54. Qf6 Bb5 55. Bc2 h5 56. f4 Qe8 57. f5 Ba6 58. g3 Bc8 59. h4 Bxf5 60. Bxf5 gxf5 61. Qxf5+ Kg7 62. Qg5+ Kf8 63. Qh6+ Kg8 64. Qg5+ Kf8 65. Qh6+ Kg8 66. Kg1 Qb8 67. Qg5+ Kf8 68. Kg2 Qb2+ 69. Kf3 Qc2 70. Qh6+ Kg8 71. Qg5+ Kf8 72. Qd8+ Kg7 73. Qg5+ Kf8 74. Qd8+ 1/2-1/2

[Event "EYCC Open-U18 2019"]
[Site "Bratislava"]
[Date "2019.08.07"]
[Round "6.17"]
[White "Kozak, Antoni"]
[Black "Zeman, Matyas"]
[Result "0-1"]
[ECO "D35"]
[WhiteElo "2365"]
[BlackElo "2275"]
[Annotator "NA"]
[PlyCount "50"]
[EventDate "2019.08.02"]
[EventType "swiss"]
[EventCountry "SVK"]
[SourceTitle "playchess.com"]
[Source "ChessBase"]
[SourceQuality "1"]
[TimeControl "40/5400+30:1800+30"]

1. d4 e6 2. c4 Nf6 3. Nc3 d5 4. cxd5 Nxd5 5. e4 Nxc3 6. bxc3 c5 7. Rb1 Be7 8. Nf3 O-O 9. h4 Nc6 10. Bb5 Bd7 11. O-O a6 12. Be2 b5 13. h5 h6 14. Qd3 cxd4 15. e5 f5 16. exf6 Bxf6 17. Qe4 Ne7 18. Bd3 Nf5 19. g4 dxc3 20. gxf5 exf5 21. Qd5+ Kh8 22. Ba3 Re8 23. Bxf5 Bxf5 24. Qxf5 Qa5 25. Rbe1 Qxa3 0-1